 Dungeon Crawl Stone Soup version 0.30-a0-210-g01b79a254e (webtiles) character file.

Game seed: 7286364629057093733

1932 IdlyInterested the Slicer (level 8, -9/56 HPs)
             Began as a Demonspawn Gladiator on Oct 4, 2022.
             Mangled by an orc knight
             ... wielding a +0 halberd
              (34 damage)
             ... in a bailey.
             The game lasted 00:19:12 (5709 turns).

IdlyInterested the Slicer (Demonspawn Gladiator)    Turns: 5709, Time: 00:19:12

Health: -9/56      AC: 16    Str: 20    XL:     8   Next: 97%
Magic:  0/8        EV: 11    Int:  7    God:
Gold:   260        SH:  4    Dex: 20    Spells: 7/7 levels left

rFire   . . .      SeeInvis .    m - +1 short sword (elec)
rCold   . . .      Faith    .    (no shield)
rNeg    . . .      Spirit   +    i - +0 scale mail
rPois   .          Reflect  .    c - +1 helmet
rElec   .          Harm     .    g - +0 cloak
rCorr   .          Rampage  .    n - +2 pair of gloves
Will    .....                    (no boots)
Stlth   +.........               (no amulet)
HPRegen 0.29/turn                l - +4 ring of protection
MPRegen 0.22/turn                v - +6 ring of strength

@: no status effects
A: hooves 2, large bone plates 1, demonic guardian 2, magic shield, magic
regeneration, agile 1, dopey 1, wild magic 1
a: no special abilities


You were in a bailey.
You visited 2 branches of the dungeon, and saw 8 of its levels.
You also visited: Bailey.

You collected 301 gold pieces.
You spent 41 gold pieces at shops.

Inventory:

Hand Weapons
 a - a +0 rapier
 m - a +1 short sword of electrocution (weapon)
 o - a +5 long sword
 q - a +1 dagger of speed
 s - a +3 short sword
 y - a +2 dagger of venom
Missiles
 d - 3 throwing nets
 e - a javelin
 p - 5 curare-tipped darts
 r - 3 boomerangs (quivered)
 A - 7 poisoned darts
Armour
 b - a +0 leather armour
 c - a +1 helmet (worn)
 g - a +0 cloak (worn)
 h - a +0 ring mail
 i - a +0 scale mail (worn)
 n - a +2 pair of gloves (worn)
 x - a +0 hat
 C - a +0 helmet
Jewellery
 l - a +4 ring of protection (left hand)
 v - a +6 ring of strength (right hand)
Wands
 u - a wand of charming (5)
Scrolls
 f - a scroll of identify
 k - 3 scrolls of amnesia
Potions
 j - 2 potions of curing
 t - 2 potions of mutation
 w - a potion of heal wounds
 z - a potion of attraction


   Skills:
 - Level 2.0 Fighting
 + Level 10.3 Short Blades
 - Level 2.0 Throwing
 * Level 1.0 Armour
 - Level 2.6 Dodging
 * Level 3.0 Stealth
 - Level 2.0 Evocations


You had 7 spell levels left.
You didn't know any spells.
Your spell library contained the following spells:

 Spells                   Type           Power      Damage    Failure   Level
 Magic Dart               Conj           0%         1d3       86%         1
 Call Imp                 Summ           0%         N/A       95%         2
 Mephitic Cloud           Conj/Pois/Air  0%         N/A       99%         3


Dungeon Overview and Level Annotations

Branches:
Dungeon (7/15)             Temple (1/1) D:4          Bailey (1/1)

Altars:
Ashenzari
Cheibriados
Dithmenos
Fedhas
Hepliaklqana
Kikubaaqudgha
Makhleb
Nemelex Xobeh
Okawaru
Qazlal
Sif Muna
Trog
Uskayaw
Vehumet
Wu Jian
Xom
Yredelemnul

Shops:
D:5 *


Innate Abilities, Weirdness & Mutations

You have hoof-like feet.
You are partially covered in large bone plates. (SH +4)
A demonic guardian rushes to your aid.
When hurt, damage is shared between your health and your magic reserves.
You regenerate magic rapidly.
You are agile. (Dex +4, Str/Int -1)
You are dopey. (Int -2)
Your spells are a little harder to cast, but a little more powerful.


Message History

Your orc warrior closely misses the orc knight.
The orc knight closely misses your orc warrior.
Your orc warrior hits the orc knight with a +0 trident.
The orc knight hits your orc warrior with a +0 halberd!
Your orc warrior hits the orc knight with a +0 trident!
The orc knight hits your orc warrior with a +0 halberd!!
Your orc warrior dies!
You block the orc knight's attack.
The orc knight hits you with a +0 halberd!
Things that are here:
a +0 trident; a +0 plate armour You hit the orc knight.
You kick the orc knight.
The orc knight is heavily wounded.
You hit the orc knight but do no damage.
Lightning courses through the orc knight!!
Your kick misses the orc knight.
The orc knight is severely wounded.
The orc knight hits you with a +0 halberd.
You hit the orc knight. You kick the orc knight.
The orc knight is severely wounded.
You closely miss the orc knight.
You kick the orc knight, but do no damage.
The orc knight is severely wounded.
The orc knight hits you but does no damage.
You barely miss the orc knight.
The orc knight is severely wounded.
You hit the orc knight but do no damage.
You kick the orc knight, but do no damage.
The orc knight is severely wounded.
The orc knight hits you with a +0 halberd.
The orc knight roars a battlecry!
The orc knight goes into a battle-frenzy!
You closely miss the orc knight. Your kick misses the orc knight.
The orc knight is severely wounded.
You hit the orc knight but do no damage.
You kick the orc knight, but do no damage.
The orc knight is severely wounded.
The orc knight hits you with a +0 halberd!!!
Ouch! That really hurt!
You die...

#.$.# §≈≈.≈§§(.##...##..~.#
##.## ≈§§...≈≈..##.##..~~.#
.#+# .§.⌠...≈§§.#+#..~~.## .#
..⌠∩⌠...... #..)~.∩# ##
≈....o≈≈.. ##..~~.# #
≈≈≈§≈≈≈.. ##..~.# ........#
##.~.#
###########+###o#########.~.#
.......##.....##@.).......~.#
~~~~~~..##.∩.##..~)~)~~~~~~.#
.....~~..## ##..~~..........#
####..~~..###..~~..##########
##..~~..)..~~..##
##..~~~)~~~..## ##.........##
###########


You could see 2 orc knights.

Vanquished Creatures
  A steam dragon (D:7)
  2 orc warriors
  3 black bears
  An ice beast (D:6)
  An ogre (D:6)
  A bullfrog (D:6)
  4 scorpions
  5 wights (D:6)
  A howler monkey (D:6)
  3 hounds
  A jelly (D:7)
  An iguana (D:7)
  5 orc wizards
  4 gnolls (D:4)
  8 adders
  3 white imps (D:6)
  4 ufetubi
  A worm (D:2)
  4 dart slugs
  25 orcs
  10 ball pythons
  7 bats
  6 endoplasms
  8 giant cockroaches
  10 goblins
  10 hobgoblins
  7 jackals
  8 kobolds
  A quokka (D:3)
  6 frilled lizards
  3 rats
154 creatures vanquished.

Vanquished Creatures (collateral kills)
  2 orcs (D:5)
2 creatures vanquished.

Vanquished Creatures (others)
  An orc warrior (Bailey)
  6 demonic plants (D:6)
7 creatures vanquished.

Grand Total: 163 creatures vanquished

Notes
Turn   | Place    | Note
-------+----------+-------------------------------------------
     0 | D:1      | IdlyInterested the Demonspawn Gladiator began the quest for
                  | the Orb.
     0 | D:1      | Reached XP level 1. HP: 16/16 MP: 1/1
    65 | D:1      | Reached skill level 3 in Short Blades
    76 | D:1      | Gained mutation: A weak demonic guardian rushes to your
                  | aid. [demonic ancestry]
    76 | D:1      | Reached XP level 2. HP: 22/22 MP: 2/2
   412 | D:1      | Gained mutation: You regenerate magic rapidly. [demonic
                  | ancestry]
   412 | D:1      | Reached XP level 3. HP: 27/27 MP: 3/3
   601 | D:1      | Found a faded altar of an unknown god.
   807 | D:2      | Reached skill level 4 in Short Blades
   937 | D:2      | You fall into a shaft and drop 2 floors!
   937 | D:4      | Found a staircase to the Ecumenical Temple.
   943 | Temple   | Entered the Ecumenical Temple
  1224 | D:4      | Reached XP level 4. HP: 33/33 MP: 4/4
  1298 | D:4      | Reached skill level 5 in Short Blades
  1623 | D:2      | Gained mutation: You are partially covered in large bone
                  | plates. (SH +4) [demonic ancestry]
  1623 | D:2      | Reached XP level 5. HP: 38/38 MP: 5/5
  2316 | D:3      | Found an ornate altar of the Wu Jian Council.
  2316 | D:3      | Found an ancient bone altar of Kikubaaqudgha.
  2323 | D:3      | Found a hide-covered altar of Uskayaw.
  2325 | D:3      | Found a shadowy altar of Dithmenos.
  2327 | D:3      | Found a blossoming altar of Fedhas.
  2890 | D:4      | Reached skill level 6 in Short Blades
  2994 | D:4      | Found a hazy altar of Hepliaklqana.
  3155 | D:4      | Found a stormy altar of Qazlal.
  3157 | D:4      | Found a shimmering blue altar of Sif Muna.
  3313 | D:5      | Entered Level 5 of the Dungeon
  3452 | D:5      | Noticed an orc warrior
  3454 | D:5      | Noticed a black bear
  3461 | D:5      | Killed an orc warrior
  3462 | D:5      | Gained mutation: When hurt, damage is shared between your
                  | health and your magic reserves. [demonic ancestry]
  3462 | D:5      | Reached XP level 6. HP: 17/44 MP: 6/6
  3470 | D:5      | Reached skill level 7 in Short Blades
  3638 | D:5      | Gained mutation: You have large cloven feet. [demonic
                  | ancestry]
  3638 | D:5      | Reached XP level 7. HP: 32/50 MP: 5/7
  3727 | D:5      | Gained mutation: You are agile. (Dex +4, Str/Int -1)
                  | [potion of mutation]
  3727 | D:5      | Gained mutation: You are dopey. (Int -2) [potion of
                  | mutation]
  3727 | D:5      | Gained mutation: You have hoof-like feet. [potion of
                  | mutation]
  3727 | D:5      | Gained mutation: Your spells are a little harder to cast,
                  | but a little more powerful. [potion of mutation]
  4095 | D:5      | Reached skill level 8 in Short Blades
  4194 | D:5      | Found Attisush's Serpentskin Sales.
  4204 | D:5      | Bought 4 curare-tipped darts for 31 gold pieces
  4204 | D:5      | Bought 2 poisoned darts for 10 gold pieces
  4575 | D:6      | Reached skill level 9 in Short Blades
  4575 | D:6      | Gained mutation: A demonic guardian rushes to your aid.
                  | [demonic ancestry]
  4575 | D:6      | Reached XP level 8. HP: 31/56 MP: 6/8
  5119 | D:6      | Reached skill level 10 in Short Blades
  5157 | D:6      | Reached skill level 1 in Stealth
  5241 | D:6      | Reached skill level 1 in Evocations
  5247 | D:6      | Found a radiant altar of Vehumet.
  5441 | D:7      | Found a flagged portal.
  5459 | Bailey   | Entered a bailey
  5486 | Bailey   | Reached skill level 1 in Armour
  5680 | Bailey   | Noticed an orc knight
  5680 | Bailey   | Noticed an orc knight
  5709 | Bailey   | Mangled by an orc knight

Illustrated notes

Levels and vault maps discovered:
D:1:      onia_arrival_mini_maze_b, layout_basic,
          shapermc_ecumenical_altar_mp_vishouse
D:2:      layout_rooms
D:3:      layout_rooms, chequers_temple_overflow_minitemple, grunt_ministairs_4
D:4:      layout_basic, mainiacjoe_overflow_alcove_3,
          minmay_temple_entry_junction, roderic_malta_cross
D:5:      layout_basic, general_overflow_altar, guppyfry_shop_venom
D:6:      layout_basic, marbit_many_paths, serial_demonic, serial_demonic_c,
          serial_demonic_f, serial_demonic_f, serial_demonic_c,
          minmay_misc_feat_secret_circle
D:7:      layout_basic, enter_bailey_3
Temple:   grunt_temple_mini_profane
Bailey:   bailey_polearm_1, bailey

Skill      XL: |  1  2  3  4  5  6  7  8 |
---------------+-------------------------+-----
Short Blades   | 3 4 5 6 7 9 10 | 10.3
Throwing       | 2 |  2.0
Stealth        | 3 |  3.0
Evocations     | 2 |  2.0
Armour         | 1 |  1.0
Fighting       | |  2.0
Dodging        | |  2.6

Action                   |  1- 3 |  4- 6 |  7- 9 || total
-------------------------+-------+-------+-------++-------
Melee: Rapier            |   108 |   138 |       ||   246
       Short sword       |       |   160 |   225 ||   385
       Punch             |       |     3 |     1 ||     4
       Kick              |       |       |    73 ||    73
Throw: Boomerang         |       |       |     3 ||     3
       Dart              |       |       |     1 ||     1
Evoke: Wand              |       |       |     4 ||     4
  Use: Scroll            |       |     4 |     8 ||    12
       Potion            |       |       |     2 ||     2
 Stab: Sleeping          |     1 |       |       ||     1
       Distracted        |       |     2 |       ||     2
Armor: Leather armour    |    22 |       |       ||    22
       Scale mail        |    42 |   112 |    81 ||   235
Dodge: Dodged            |    80 |   142 |    77 ||   299
Block: Other             |       |    32 |    30 ||    62

Table legend: (Time is in decaauts)
 A = Elapsed time spent in this place.
 B = Non-inter-level travel time spent in this place.
 C = Inter-level travel time spent in this place.
 D = Time resting spent in this place.
 E = Time spent auto-exploring this place.
 F = Levels seen in this place.
 G = Mean time per level.
                   A        B        C        D        E       F      G
               +--------+--------+--------+--------+--------+-----+--------+
         Total |   5562 |   4987 |    575 |    421 |   3010 |   9 |  618.0 |
       Dungeon |   5107 |   4584 |    523 |    378 |   2802 |   7 |  729.6 |
        Temple |    230 |    178 |     52 |      0 |    167 |   1 |  230.0 |
        Bailey |    224 |    224 |      0 |     43 |     41 |   1 |  224.0 |
               +--------+--------+--------+--------+--------+-----+--------+

Top non-repeatable levels by time:
     D:5: 1140 daAuts
     D:4: 973 daAuts
     D:1: 849 daAuts
     D:2: 778 daAuts
     D:6: 709 daAuts
     D:3: 569 daAuts
  Temple: 230 daAuts
  Bailey: 224 daAuts
     D:7: 87 daAuts
